 Dungeon Crawl Stone Soup version 0.23.0 (webtiles) character file.

Game seed: 17932653924930959981

172 kaze the Chopper (level 5, -1/48 HPs)
             Began as a Hill Orc Berserker on Feb 9, 2019.
             Was a Follower of Trog.
             Succumbed to an adder's poison
             ... on level 2 of the Dungeon.
             The game lasted 00:01:44 (879 turns).

kaze the Chopper (Hill Orc Berserker)                Turns: 879, Time: 00:01:45

Health: -1/48      AC:  2    Str: 21    XL:     5   Next: 52%
Magic:  5/5        EV: 12    Int:  7    God:    Trog [*.....]
Gold:   38         SH:  0    Dex: 10    Spells: 4/4 levels left

rFire    . . .     SeeInvis .   i - +2 scythe (protect)
rCold    . . .     Gourm    .   (shield currently unavailable)
rNeg     . . .     Faith    .   b - +0 animal skin
rPois    .         Spirit   .   (no helmet)
rElec    .         Reflect  .   (no cloak)
rCorr    .         Harm     .   (no gloves)
MR       .....                  (no boots)
Stlth    +.........             (no amulet)
HPRegen  0.16/turn              (no ring)
MPRegen  0.09/turn              (no ring)

@: lethally poisoned (-1 -> -16)
A: no striking features
a: Berserk, Renounce Religion


You were on level 2 of the Dungeon.
You worshipped Trog.
Trog was aware of your devotion.
You were very hungry.

You visited 1 branch of the dungeon, and saw 2 of its levels.

You collected 38 gold pieces.

Inventory:

Hand Weapons
 a - a +0 hand axe
 i - a +2 scythe of protection (weapon)
Armour
 b - a +0 animal skin (worn)
Scrolls
 d - 3 scrolls of teleportation {unknown}
 e - a scroll of random uselessness {unknown}
 g - a scroll of enchant armour {unknown}
 h - a scroll of remove curse {unknown}
Potions
 f - a potion of degeneration {unknown}
Comestibles
 c - 3 rations


   Skills:
 + Level 5.0 Fighting
 + Level 6.2 Axes
 + Level 2.5 Armour
 + Level 2.2 Dodging
 + Level 0.2 Stealth


You had 4 spell levels left.
You didn't know any spells.
Your spell library was empty.

Dungeon Overview and Level Annotations

Branches:
Dungeon (2/15)

Altars:
Ashenzari


Message History

The adder closely misses you.
The rat twitches its whiskers.
The adder barely misses you. The adder completely misses you.
You hit the adder.
Your weapon exudes an aura of protection.
The adder is heavily wounded.
* * * LOW HITPOINT WARNING * * *
You feel sick. The adder closely misses you.
The adder bites you but does no damage.
You barely miss the adder.
The adder is heavily wounded.
* * * LOW HITPOINT WARNING * * *
You feel sick. The adder bites you.
* * * LOW HITPOINT WARNING * * *
You are more poisoned.
The adder poisons you! The adder closely misses you.
The rat twitches its whiskers.
You miss the adder.
The adder is heavily wounded.
You die...

#.# #.....# #.#
#.#<#.# #.# #.#.#.##
#.# #.#.<..# .(##
#.# ###....###
%?...##.###
#....[...#
.......r^.#
#.####.#.# #S# #.
#...#.# #@# .
#...#.#
###.############.#.#
#.......# #......#.#
###.###.# #.######.#
#.# #.# #.#......#
#.# #.###.#+###...
#.# #........##...
#.# ######...##...
#.# #.†.##...


You could see an adder and a rat.

Vanquished Creatures
  Sigmund (D:2)
  2 dart slugs (D:1)
  A giant cockroach (D:1)
  3 hobgoblins (D:1)
  6 bats
  A frilled lizard (D:1)
  A goblin (D:1)
  2 kobolds
  4 rats (D:1)
21 creatures vanquished.

Notes
Turn   | Place    | Note
-------+----------+-------------------------------------------
     0 | D:1      | kaze the Hill Orc Berserker began the quest for the Orb.
     0 | D:1      | Reached XP level 1. HP: 19/19 MP: 1/1
   175 | D:1      | Reached XP level 2. HP: 27/27 MP: 2/2
   270 | D:1      | Found a shattered altar of Ashenzari.
   797 | D:2      | Noticed Sigmund
   810 | D:2      | Killed Sigmund
   810 | D:2      | Reached skill level 5 in Fighting
   810 | D:2      | Reached skill level 6 in Axes
   810 | D:2      | Reached XP level 3. HP: 26/36 MP: 3/3
   810 | D:2      | Reached XP level 4. HP: 30/42 MP: 4/4
   810 | D:2      | Reached XP level 5. HP: 34/48 MP: 5/5
   878 | D:2      | HP: 2/48 [adder (2)]
   879 | D:2      | Succumbed to an adder's poison

Skill      XL: |  1  2 |
---------------+-------+-----
Fighting       | 5 |  5.0
Axes           | 6 |  6.2
Dodging        | 2 |  2.2
Armour         | |  2.5
Stealth        | |  0.2

Action                   |  1- 3 |  4- 6 || total
-------------------------+-------+-------++-------
Melee: Hand axe          |    57 |       ||    57
       Scythe            |       |    15 ||    15
Invok: Berserk           |     1 |       ||     1
  Use: Scroll            |     1 |       ||     1
 Stab: Sleeping          |     1 |       ||     1
Armor: Animal skin       |    10 |     5 ||    15
Dodge: Dodged            |    33 |    14 ||    47
